 Dungeon Crawl Stone Soup version 0.31-a0-344-gd109795599 (webtiles) character file.

Game seed: 13948237002321157918

877 LeprechaunX the Ruffian (level 8, -22/52 HPs)
             Began as an Octopode Shapeshifter on July 21, 2023.
             Was a Priest of Makhleb.
             Annihilated by an ogre
             ... wielding a +0 giant spiked club
              (27 damage)
             ... on level 5 of the Dungeon.
             The game lasted 00:04:50 (4720 turns).

LeprechaunX the Ruffian (Octopode Shapeshifter)     Turns: 4720, Time: 00:04:51

Health: -22/52     AC:  1    Str: 16    XL:     8   Next: 4%
Magic:  8/8        EV: 14    Int: 11    God:    Makhleb [***...]
Gold:   323        SH:  0    Dex: 12    Spells: 7/7 levels left

rFire   . .          .
                       - Unarmed
rCold   . . .        (no shield)
rNeg    + . .        (helmet currently unavailable)
rPois   .            (no amulet)
rElec   .            u - ring of positive energy
rCorr   .            (no ring)
SInv    .            (no ring)
Will    .....        (no ring)
Stlth   ++           (no ring)
HPRegen 0.28/turn    (no ring)
MPRegen 0.11/turn    (no ring)
                     (no ring)

%: no passive effects
@: beast-form
A: beast (slay +3), almost no armour, amphibious, 8 rings, camouflage 1,
gelatinous body 1, (nimble swimmer 1), tentacles
a: Begin Untransformation, Renounce Religion, Minor Destruction, Lesser Servant
of Makhleb


You were on level 5 of the Dungeon.
You worshipped Makhleb.
Makhleb was most pleased with you.
You were a hulking beast.
You visited 1 branch of the dungeon, and saw 6 of its levels.

You collected 323 gold pieces.

Inventory:

Jewellery
 u - a ring of positive energy (left tentacle)
 y - a +6 ring of strength
Talismans
 b - a beast talisman
 m - a dragon-blood talisman
Scrolls
 c - 5 scrolls of teleportation {unknown}
 d - 2 scrolls of revelation {unknown}
 e - 2 scrolls of identify {unknown}
 f - a scroll of torment {unknown}
 j - a scroll of vulnerability {unknown}
 k - 2 scrolls of poison {unknown}
 l - 2 scrolls of noise {unknown}
 n - 2 scrolls of silence {unknown}
 r - a scroll of brand weapon {unknown}
 s - a scroll of fog {unknown}
 w - a scroll of amnesia {unknown}
 x - a scroll of immolation {unknown}
Potions
 a - a potion of lignification
 g - 2 potions of enlightenment {unknown}
 h - 2 potions of attraction {unknown}
 i - a potion of might {unknown}
 o - 2 potions of brilliance {unknown}
 p - a potion of heal wounds {unknown}
 q - a potion of berserk rage {unknown}
 t - a potion of curing {unknown}
 v - 2 potions of resistance {unknown}


   Skills:
 + Level 3.5 Fighting
 + Level 3.9 Dodging
 * Level 5.9 Unarmed Combat
 * Level 5.2 Shapeshifting


You had 7 spell levels left.
You didn't know any spells.
Your spell library contained the following spells:

 Spells                   Type           Power      Damage    Failure   Level
 Freeze                   Ice            0%         1d3       34%         1
 Cigotuvi's Dreadful Rot  Necr/Pois/Air  0%         N/A       47%         2
 Sublimation of Blood     Necr           0%         N/A       47%         2
 Frozen Ramparts          Ice            0%         1d1       71%         3
 Hailstorm                Conj/Ice       0%         3d3       71%         3
 Tukima's Dance           Hex            0%         N/A       71%         3
 Dispel Undead            Necr           0%         3d6       98%         4
 Passage of Golubria      Tloc           0%         N/A       98%         4
 Petrify                  Tmut/Erth      0%         N/A       98%         4
 Irradiate                Conj/Tmut      0%         3d11      100%        5
 Yara's Violent Unravell  Hex/Tmut       0%         3d3       100%        5
 Death Channel            Necr           0%         N/A       100%        6


Dungeon Overview and Level Annotations

Branches:
Dungeon (6/15)
 Temple: D:4-7

Altars:
Fedhas
Makhleb
Qazlal
Uskayaw
Wu Jian
Zin

Shops:
D:1 :   D:4 :

Annotations:
D:6 Maggie


Innate Abilities, Weirdness & Mutations

You are a hulking beast.
Your limbs bulge with bestial killing power. (Slay +3)
You cannot wear most types of armour.
You are amphibious.
You can wear up to eight rings at the same time.
Your skin changes colour to match your surroundings (Stealth+).
Your rubbery body absorbs attacks. (AC +1, EV +1)
((You are camouflaged when in or above water. (Stealth+)))
You have tentacles for arms and can constrict up to eight enemies at once.


Message History

Where to? (Enter - D:5, ? - help)
There is a stone staircase leading down here.
You climb downwards.
Maggie shouts!
The ogre shouts!
The hound barks!
Found 30 gold pieces and a scroll labelled SEDALE GECONTU.
There is a stone staircase leading up here.
There are monsters nearby!
You tentacle-slap the hound. You grab the hound. You squeeze the hound.
The hound is heavily wounded.
You constrict the hound. The hound closely misses you.
You tentacle-slap the hound.
The hound is severely wounded.
You constrict the hound. The hound bites you.
You tentacle-slap the hound but do no damage.
The hound is almost dead.
You constrict the hound. The hound misses you. The hound closely misses you.
You bludgeon the hound!
You kill the hound!
Makhleb accepts your kill.
You feel better.
An orc wizard comes into view. It is wielding a +3 dagger of venom.
An orc wizard comes into view. It is wielding a +0 dagger of venom.
The orc wizard shouts!
You hear a shout!
The ogre hits you with a +0 giant spiked club!!
Ouch! That really hurt!
Maggie casts a spell at you. The bolt of fire hits you!
* * * LOW HITPOINT WARNING * * *
You climb upwards.
There is a stone staircase leading down here.
You tentacle-slap the ogre.
The ogre is lightly wounded.
The ogre barely misses you.
You barely miss the ogre.
The ogre is lightly wounded.
You bludgeon the ogre!
The ogre is heavily wounded.
The ogre hits you with a +0 giant spiked club!!
Ouch! That really hurt!
You die...

####.###....#
######.........
#...........# ###.......###
#....###....#####...#######
# #....# #..[............#
# #....# #.....#....####.#
# ###### #.....#.#### #.# #
####.....#.# #.######
#........#.#######.##....
#....#..h.....)...)......
#....#..O#########.##....
#....#...# #######.##....
#....#...# #.....#.##....
#....#...# #.....#...##.[
###......###.....###.##.#
#......##.......##.##.#
#......##.......##.##.#
#....####.......##.....


You could see an ogre.

Vanquished Creatures
  Menkaure (D:5)
  A black bear (D:5)
  An ogre (D:5)
  2 orc priests (D:3)
  5 hounds
  A sleepcap (D:5)
  2 iguanas (D:5)
  3 orc wizards
  4 gnolls (D:5)
  7 adders
  An ufetubus (D:4)
  A worm (D:4)
  3 dart slugs
  13 orcs
  4 bats
  5 endoplasms
  5 giant cockroaches
  5 goblins
  5 hobgoblins
  2 jackals (D:3)
  11 kobolds
  4 quokkas
  6 ball pythons
  5 frilled lizards
  7 rats
104 creatures vanquished.

Notes
Turn   | Place    | Note
-------+----------+-------------------------------------------
     0 | D:1      | LeprechaunX the Octopode Shapeshifter began the quest for
                  | the Orb.
     0 | D:1      | Reached XP level 1. HP: 13/13 MP: 1/1
    38 | D:1      | Found Osaruris's Vocational Training.
    96 | D:1      | Reached XP level 2. HP: 18/18 MP: 2/2
   255 | D:1      | Found a faded altar of an unknown god.
   315 | D:1      | Prayed at the altar of an unknown god.
   315 | D:1      | Became a worshipper of Makhleb the Destroyer
   315 | D:1      | Reached * piety under Makhleb
   482 | D:1      | Reached XP level 3. HP: 23/23 MP: 3/3
  1171 | D:2      | Reached ** piety under Makhleb
  1298 | D:2      | Reached XP level 4. HP: 27/28 MP: 4/4
  2004 | D:3      | Found a stormy altar of Qazlal.
  2147 | D:3      | Reached XP level 5. HP: 34/34 MP: 5/5
  2316 | D:3      | Reached XP level 6. HP: 40/40 MP: 6/6
  2424 | D:3      | Found a glowing silver altar of Zin.
  2815 | D:4      | Found a blossoming altar of Fedhas.
  2987 | D:4      | Reached *** piety under Makhleb
  3025 | D:4      | Found Ynyxuwk's Tiny Tomes.
  3521 | D:5      | Entered Level 5 of the Dungeon
  3667 | D:5      | Reached skill level 5 in Unarmed Combat
  3667 | D:5      | Reached XP level 7. HP: 45/45 MP: 7/7
  3915 | D:5      | Noticed Menkaure
  3925 | D:5      | Killed Menkaure
  4131 | D:5      | Reached skill level 5 in Shapeshifting
  4146 | D:5      | Found a hide-covered altar of Uskayaw.
  4171 | D:5      | Found an ornate altar of the Wu Jian Council.
  4556 | D:5      | Reached XP level 8. HP: 34/52 MP: 8/8
  4711 | D:6      | Noticed Maggie
  4720 | D:5      | Annihilated by an ogre

Illustrated notes

Levels and vault maps discovered:
D:1:      dpeg_chamrin_arrival_tetris, layout_loops_ring,
          hellmonk_ecumenical_altar_zigzags, supply_closet_lemuel,
          minmay_misc_feat_room, dk_noncrumbling_2, roderic_lattice_a,
          nicolae_shop_vocational
D:2:      layout_basic, serial_curves, eino_curves_03, eino_curves_02
D:3:      layout_rooms, mainiacjoe_overflow_tiny_flanked,
          mainiacjoe_overflow_paths, roderic_roman_lattice, nicolae_half_adder
D:4:      layout_gridville, mainiacjoe_overflow_24_doors,
          nicolae_shop_i_like_small_books_too, minmay_cut_off
D:5:      layout_basic, mainiacjoe_overflow_two_lobes, nrook_uturn,
          minmay_misc_feat_diagonals, uniq_menkaure
D:6:      layout_cave_pools, marbit_many_paths,
          minmay_temple_entry_enclosed_plants, amcnicky_mini_corridor_feature,
          uniq_maggie

Skill      XL: |  1  2  3  4  5  6  7 |
---------------+----------------------+-----
Fighting       | 2 3 |  3.5
Unarmed Combat | 4 5 |  5.9
Shapeshifting  | 4 5 |  5.2
Dodging        | 3 |  3.9

Action                     |  1- 3 |  4- 6 |  7- 9 || total
---------------------------+-------+-------+-------++-------
  Melee: Unarmed           |    68 |    93 |    46 ||   207
         Tentacles         |     8 |    22 |     7 ||    37
         Constrict         |    11 |    26 |    14 ||    51
         Punch             |     3 |     1 |     1 ||     5
 Invoke: Minor Destruction |       |       |     2 ||     2
   Stab: Sleeping          |     9 |     8 |     2 ||    19
         Distracted        |       |     2 |       ||     2
 Armour: Skin              |     2 |     7 |     1 ||    10
  Dodge: Dodged            |    31 |    43 |    22 ||    96

Table legend: (Time is in decaauts)
 A = Elapsed time spent in this place.
 B = Non-inter-level travel time spent in this place.
 C = Inter-level travel time spent in this place.
 D = Time resting spent in this place.
 E = Time spent auto-exploring this place.
 F = Levels seen in this place.
 G = Mean time per level.
                   A        B        C        D        E       F      G
               +--------+--------+--------+--------+--------+-----+--------+
         Total |   4703 |   4593 |    110 |     62 |   3904 |   6 |  783.8 |
       Dungeon |   4703 |   4593 |    110 |     62 |   3904 |   6 |  783.8 |
               +--------+--------+--------+--------+--------+-----+--------+

Top non-repeatable levels by time:
     D:5: 1188 daAuts
     D:1: 1009 daAuts
     D:4: 963 daAuts
     D:2: 889 daAuts
     D:3: 647 daAuts
     D:6: 5 daAuts
